 Dungeon Crawl Stone Soup version 0.29.1-1-gd02db6906a (webtiles) character file.

Game seed: 6013507897590980136

1544 raistware the Destroyer (level 8, -1/48 HPs)
             Began as an Octopode Conjurer on Sept 29, 2022.
             Was a Follower of Vehumet.
             Slain by a wyvern zombie (13 damage)
             ... on level 7 of the Dungeon.
             The game lasted 00:12:59 (9234 turns).

raistware the Destroyer (Octopode Conjurer)         Turns: 9234, Time: 00:13:02

Health: -1/48      AC:  1    Str:  7    XL:     8   Next: 87%
Magic:  12/17      EV: 13    Int: 22    God:    Vehumet [*.....]
Gold:   348        SH:  0    Dex: 16    Spells: 14/19 levels left

rFire   . . .      SeeInvis .   v - +2 quarterstaff (speed)
rCold   . . .      Faith    .   (shield currently unavailable)
rNeg    . . .      Spirit   .   (helmet restricted)
rPois   .          Reflect  .   (no amulet)
rElec   .          Harm     .   x - ring of flight
rCorr   .          Rampage  .   u - +6 ring of dexterity
Will    .....                   (no ring)
Stlth   +++.......              (no ring)
HPRegen 0.16/turn               (no ring)
MPRegen 0.15/turn               (no ring)
                                (no ring)
                                (no ring)

@: flying
A: almost no armour, amphibious, 8 rings, camouflage 1, gelatinous body 1,
(nimble swimmer 1), tentacles
a: Renounce Religion


You were on level 7 of the Dungeon.
You worshipped Vehumet.
Vehumet was aware of your devotion.
You visited 1 branch of the dungeon, and saw 7 of its levels.

You collected 348 gold pieces.

Inventory:

Hand Weapons
 v - a +2 quarterstaff of speed (weapon)
Missiles
 o - 3 javelins
 r - 11 poisoned darts
Jewellery
 u - a +6 ring of dexterity (right tentacle)
 x - a ring of flight (left tentacle)
Wands
 y - a wand of digging (4)
Scrolls
 c - 3 scrolls of vulnerability {unknown}
 d - 3 scrolls of teleportation {unknown}
 e - 8 scrolls of identify {unknown}
 f - a scroll of enchant armour {unknown}
 h - 2 scrolls of fear {unknown}
 i - a scroll of brand weapon {unknown}
 j - 3 scrolls of poison {unknown}
 q - a scroll of butterflies {unknown}
 s - a scroll of immolation {unknown}
 t - a scroll of noise {unknown}
Potions
 a - a potion of magic
 b - 3 potions of degeneration {unknown}
 g - 4 potions of attraction {unknown}
 k - a potion of might {unknown}
 l - 3 potions of curing {unknown}
 m - 2 potions of resistance {unknown}
 n - 2 potions of mutation {unknown}
 p - 2 potions of cancellation {unknown}
 w - a potion of ambrosia {unknown}


   Skills:
 - Level 1.0 Fighting
 - Level 1.0 Staves
 - Level 2.0 Dodging
 - Level 3.0 Stealth
 - Level 6.0 Spellcasting
 + Level 9.2 Conjurations
 - Level 2.0 Translocations


You had 14 spell levels left.
You knew the following spells:

 Your Spells              Type           Power      Damage    Failure   Level
a - Magic Dart            Conj           100%       1d8       1%          1
b - Iskenderun's Mystic   Conj/Tloc      31%        2d8       9%          4

Your spell library contained the following spells:

 Spells                   Type           Power      Damage    Failure   Level
 Foxfire                  Conj/Fire      100%       2x1d9     1%          1
 Searing Ray              Conj           94%        2d7       1%          2
 Dazzling Flash           Conj/Hex       54%        N/A       4%          3
 Fulminant Prism          Conj/Hex       13%        3d9       14%         4
 Animate Dead             Necr           6%         N/A       65%         4
 Haunt                    Necr/Summ      3%         N/A       100%        7
 Infestation              Necr           3%         N/A       100%        8


Dungeon Overview and Level Annotations

Branches:
Dungeon (7/15)             Temple (0/1) D:6

Altars:
Gozag
Hepliaklqana
Makhleb
Nemelex Xobeh
Uskayaw
Vehumet
Zin

Annotations:
D:5 3 runed translucent doors, Ashen's ghost, novice DsIE


Innate Abilities, Weirdness & Mutations

You cannot wear most types of armour.
You are amphibious.
You can wear up to eight rings at the same time.
Your skin changes colour to match your surroundings (Stealth+).
Your rubbery body absorbs attacks. (AC +1, EV +1)
((You are camouflaged when in or above water. (Stealth+)))
You have tentacles for arms and can constrict up to eight enemies at once.


Message History

The wyvern zombie is heavily damaged.
The wyvern zombie bites you but does no damage.
You hit the wyvern zombie.
The wyvern zombie is heavily damaged.
The wyvern zombie bites you.
You hit the wyvern zombie.
The wyvern zombie is heavily damaged.
The wyvern zombie misses you.
You hit the wyvern zombie.
The wyvern zombie is severely damaged.
The wyvern zombie closely misses you.
You sock the wyvern zombie! Your squeeze misses the wyvern zombie.
The wyvern zombie is almost destroyed.
The wyvern zombie closely misses you.
You hit the wyvern zombie but do no damage.
The wyvern zombie is almost destroyed.
The wyvern zombie bites you! x2
You barely miss the wyvern zombie.
The wyvern zombie is almost destroyed.
The wyvern zombie bites you.
You are too injured to fight recklessly!
You are too injured to fight recklessly!
Casting: Magic Dart (safe; 1% risk of failure)
Confirm with . or Enter, or press ? or * to list all spells.
Aiming: Magic Dart (safe; 1% risk of failure)
Press: ? - help, Shift-Dir - straight line, f/p - wyvern zombie
Aim: a wyvern zombie (almost destroyed, 100% to hit)
The magic dart hits the wyvern zombie.
The wyvern zombie is almost destroyed.
The wyvern zombie bites you!
* * * LOW HITPOINT WARNING * * *
Casting: Magic Dart (safe; 1% risk of failure)
Confirm with . or Enter, or press ? or * to list all spells.
Aiming: Magic Dart (safe; 1% risk of failure)
Press: ? - help, Shift-Dir - straight line, f/p - wyvern zombie
Aim: a wyvern zombie (almost destroyed, 100% to hit)
The magic dart hits the wyvern zombie but does no damage.
The wyvern zombie is almost destroyed.
The wyvern zombie bites you!
You die...

... . .♣..♣###.
........#
........#
........#
........#
....$.Z.#######
##.
#.....@......#
....
#....##...###.#
... #..
#...###.###.####
#
#.....#.........
#...#.##....####
#...#.#........#
#####
###.#......###.#
##...##
..#......#
##.....#####
###......#


You could see a wyvern zombie.

Vanquished Creatures
  Eustachio (D:5)
  A steam dragon (D:6)
  2 black bears
  A bullfrog (D:6)
  A kobold brigand (D:7)
  A wyvern zombie (D:7)
  2 scorpions (D:6)
  A gnoll sergeant (D:6)
  A vampire bat (D:7)
  2 howler monkeys
  6 hounds
  An orc priest (D:5)
  A gnoll bouda (D:6)
  4 iguanas
  8 adders
  8 gnolls (D:6)
  2 white imps (D:6)
  2 ufetubi
  4 worms
  5 dart slugs
  13 orcs
  3 ball pythons
  6 endoplasms
  2 giant cockroaches (D:2)
  3 goblins
  5 hobgoblins
  10 kobolds
  4 quokkas
  9 bats
  4 frilled lizards
  5 rats
118 creatures vanquished.

Notes
Turn   | Place    | Note
-------+----------+-------------------------------------------
     0 | D:1      | raistware the Octopode Conjurer began the quest for the
                  | Orb.
     0 | D:1      | Reached XP level 1. HP: 11/11 MP: 3/3
   481 | D:1      | Reached XP level 2. HP: 17/17 MP: 2/5
  1301 | D:2      | Reached XP level 3. HP: 21/21 MP: 0/7
  1385 | D:2      | Found a faded altar of an unknown god.
  1994 | D:2      | Reached XP level 4. HP: 16/27 MP: 2/9
  2326 | D:2      | Learned a level 4 spell: Iskenderun's Mystic Blast
  2343 | D:3      | Noticed a +0 dagger
  2343 | D:3      | Noticed a +0 short sword
  2343 | D:3      | Noticed a +0 falchion
  2343 | D:3      | Noticed a +0 dagger
  2345 | D:3      | Noticed a +0 spear
  2346 | D:3      | Noticed a +0 falchion
  2349 | D:3      | Noticed a +0 short sword
  2349 | D:3      | Noticed a +0 spear
  2401 | D:3      | Found a hide-covered altar of Uskayaw.
  2587 | D:3      | Reached skill level 1 in Translocations
  2735 | D:3      | Found a burning altar of Makhleb.
  2739 | D:3      | Found a glowing silver altar of Zin.
  2739 | D:3      | Noticed an angel
  2740 | D:3      | Noticed a cacodemon
  3732 | D:4      | Found a hazy altar of Hepliaklqana.
  3777 | D:4      | Reached XP level 5. HP: 28/31 MP: 6/11
  4143 | D:5      | Entered Level 5 of the Dungeon
  4420 | D:5      | Reached skill level 5 in Conjurations
  4527 | D:4      | Reached XP level 6. HP: 6/36 MP: 0/12
  4781 | D:5      | Noticed Eustachio
  4847 | D:5      | Found a runed translucent gate.
  4847 | D:5      | Found a runed translucent gate.
  4848 | D:5      | Found a runed translucent gate.
  4915 | D:5      | Found an opulent altar of Gozag.
  4915 | D:5      | Noticed a black bear
  4939 | D:5      | Killed a black bear
  4940 | D:5      | Reached skill level 6 in Conjurations
  5040 | D:5      | Found an opulent altar of Gozag.
  5046 | D:5      | Found an opulent altar of Gozag.
  5124 | D:5      | Found an opulent altar of Gozag.
  5260 | D:5      | Found a radiant altar of Vehumet.
  5270 | D:5      | Became a worshipper of Vehumet
  5277 | D:5      | Reached XP level 7. HP: 41/41 MP: 9/13
  5304 | D:5      | Found a sparkling altar of Nemelex Xobeh.
  5383 | D:5      | Killed Eustachio
  5384 | D:5      | Reached skill level 1 in Staves
  5384 | D:5      | Reached skill level 7 in Conjurations
  5775 | D:5      | Noticed Ashen's ghost (novice DsIE)
  6200 | D:5      | Reached skill level 1 in Fighting
  6338 | D:6      | Reached skill level 8 in Conjurations
  6953 | D:6      | Reached XP level 8. HP: 37/48 MP: 9/15
  6985 | D:6      | Reached skill level 5 in Spellcasting
  7395 | D:6      | Found a staircase to the Ecumenical Temple.
  8957 | D:7      | Reached * piety under Vehumet
  8957 | D:7      | Offered knowledge of Foxfire by Vehumet.
  8958 | D:7      | Reached skill level 9 in Conjurations
  9234 | D:7      | Slain by a wyvern zombie

Illustrated notes

Levels and vault maps discovered:
D:1:      dpeg_arrival_tiny_k, layout_basic
D:2:      layout_loops_ring, nicolae_ecumenical_oubliette
D:3:      layout_basic, grunt_temple_overflow_order_and_chaos_2,
          nicolae_uskayaw_en_pointe
D:4:      layout_loops_cross, mainiacjoe_overflow_cross_hatched
D:5:      layout_loops_ring, nicolae_gozag_conspicuous_consumption, minitemple,
          ebering_ghost_rock_garden, uniq_eustachio
D:6:      layout_layer_cave, minmay_temple_entry_glass
D:7:      layout_basic, nicolae_yredelemnul_corpse_copse,
          minmay_tree_intersection, roderic_batcave

Skill      XL: |  1  2  3  4  5  6  7  8 |
---------------+-------------------------+-----
Spellcasting   | 3 4 6 |  6.0
Translocations | 2 |  2.0
Conjurations   | 5 6 8 9 |  9.2
Staves         | 1 |  1.0
Fighting       | 1 |  1.0
Stealth        | 3 |  3.0
Dodging        | |  2.0

Action                   |  1- 3 |  4- 6 |  7- 9 || total
-------------------------+-------+-------+-------++-------
Melee: Dagger            |     7 |    34 |       ||    41
       Constrict         |     3 |    13 |    20 ||    36
       Tentacles         |     1 |    12 |    21 ||    34
       Punch             |       |     1 |     1 ||     2
       Quarterstaff      |       |     1 |    71 ||    72
Throw: Dart              |       |     6 |     2 ||     8
       Javelin           |       |     1 |     2 ||     3
 Cast: Magic Dart        |    76 |    99 |   122 ||   297
       Iskenderun's Myst |       |     2 |    12 ||    14
  Use: Potion            |       |       |     3 ||     3
 Stab: Sleeping          |       |       |     1 ||     1
Armor: Skin              |     5 |     4 |     5 ||    14
Dodge: Dodged            |     7 |    32 |    60 ||    99
